 Dungeon Crawl Stone Soup version 0.30.1-11-g7821555f0a (webtiles) character file.

Game seed: 1912357273411088117

35 RancidPinata the Cudgeller (level 3, 0/23 HPs)
             Began as a Gargoyle Gladiator on Dec 5, 2023.
             Slain by Sigmund
             ... wielding a +3 vampiric scythe
              (8 damage)
             ... on level 2 of the Dungeon.
             The game lasted 00:02:57 (584 turns).

RancidPinata the Cudgeller (Gargoyle Gladiator)      Turns: 584, Time: 00:02:58

Health: 0/23       AC:  7    Str: 19    XL:     3   Next: 35%
Magic:  3/3        EV: 12    Int:  8    God:
Gold:   46         SH:  0    Dex: 11    Spells: 2/2 levels left

rFire   . . .        a - +0 flail
rCold   . . .        (no shield)
rNeg    + . .        b - +0 leather armour
rPois   ∞            c - +0 helmet
rElec   +            (no cloak)
rCorr   .            (no gloves)
SInv    .            (no boots)
Will    .....        (no amulet)
Stlth   +            (no ring)
HPRegen 0.23/turn    (no ring)
MPRegen 0.08/turn

%: no passive effects
@: no status effects
A: sickness immunity, AC +3, negative energy resistance 1, electricity
resistance, torment resistance 1, petrification resistance
a: no special abilities


You were on level 2 of the Dungeon.
You visited 1 branch of the dungeon, and saw 2 of its levels.

You collected 46 gold pieces.

Inventory:

Hand Weapons
 a - a +0 flail (weapon)
Missiles
 d - 3 throwing nets (quivered)
 e - a javelin
 j - 19 stones
Armour
 b - a +0 leather armour (worn)
 c - a +0 helmet (worn)
 l - the +1 leather armour of the Pit {Rampage rF+ Str-3}
   (You found it on level 2 of the Dungeon)

   Str:       It affects your strength (-3).
   rF:        It protects you from fire.
   Rampage:   It bestows one free step when moving towards enemies.
Scrolls
 g - 2 scrolls of teleportation {unknown}
 h - 2 scrolls of identify {unknown}
 i - a scroll of immolation {unknown}
 k - a scroll of magic mapping {unknown}
 m - a scroll of amnesia {unknown}
 n - a scroll of fog {unknown}
Potions
 f - a potion of haste {unknown}
 o - a potion of mutation {unknown}


   Skills:
 * Level 3.1 Fighting
 + Level 3.2 Maces & Flails
 + Level 2.1 Throwing
 + Level 1.1 Armour
 - Level 2.4 Dodging


You had 2 spell levels left.
You didn't know any spells.
Your spell library contained the following spells:

 Spells                   Type           Power      Damage    Failure   Level
 Necrotise                Necr           0%         1d4       45%         1
 Call Canine Familiar     Summ           0%         N/A       83%         3
 Portal Projectile        Hex/Tloc       0%         N/A       83%         3
 Vampiric Draining        Necr           0%         2d6       83%         3
 Leda's Liquefaction      Hex/Erth       0%         N/A       99%         4
 Agony                    Necr           0%         N/A       100%        5


Dungeon Overview and Level Annotations

Branches:
Dungeon (2/15)

Altars:

Annotations:
D:2 Sigmund


Innate Abilities, Weirdness & Mutations

You are immune to sickness and miasma.
Your stone body is resilient. (AC +3)
You are immune to poison.
You resist negative energy. (rN+)
You are resistant to electric shocks. (rElec)
You are resistant to unholy torment.
You are immune to petrification.


Message History

The jackal bites you but does no damage. x2
The jackal attacks as you move away! The jackal bites you.
The jackal attacks as you move away! The jackal barely misses you.
The jackal bites you but does no damage.
The jackal attacks as you move away! The jackal closely misses you.
The jackal closely misses you. The jackal attacks as you move away!
The jackal bites you but does no damage.
The jackal attacks as you move away! The jackal closely misses you.
You hit the jackal.
The jackal is severely wounded.
The jackal bites you.
The jackal bites you but does no damage.
You sock the jackal!
You kill the jackal!
The jackal bites you but does no damage.
You sock the jackal!
You kill the jackal!
The jackal barely misses you.
You sock the jackal!
You kill the jackal!
You hear some strange, mumbled words.
You are confused.
Something hits you.
You see here a jackal corpse.
You're too confused to move!
You're too confused to move!
Something hits you.
The jackal bites you but does no damage.
You sock the jackal!
You kill the jackal!
Something hits you!
You bump into the rock wall.
Something hits you.
You bump into the rock wall.
You feel less confused. Something hits you.
* * * LOW HITPOINT WARNING * * *
You see here a jackal corpse.
There is a stone staircase leading down here.
Something hits you!
You die...

.##
#..#####.#.##.#.# .#
#......÷......#.# .#
#.######†#.##.#.# .#
#.# #{#..#.#.# .#
#.# #.#..#.#
.#####.######.#..#.#
...........##.#..#.#
..####.###.##.#..#.#
#.####.# #.##...@..#
.......###.####..###
#..##...÷÷).##...#
##...)#####......#
#..##.#.#.#.##.###
..###.#..)#.##...
...##.#.#...#..###
.#..#.#...#.#.##
.##...#.#.#...#


There were no monsters in sight!

Vanquished Creatures
  An adder (D:2)
  An endoplasm (D:1)
  A giant cockroach (D:1)
  3 goblins
  A hobgoblin (D:1)
  4 jackals (D:2)
  A kobold (D:2)
  3 quokkas (D:2)
  3 ball pythons
  4 bats
  A rat (D:1)
23 creatures vanquished.

Notes
Turn   | Place    | Note
-------+----------+-------------------------------------------
     0 | D:1      | RancidPinata the Gargoyle Gladiator began the quest for the
                  | Orb.
     0 | D:1      | Reached XP level 1. HP: 12/12 MP: 1/1
   100 | D:1      | Reached XP level 2. HP: 18/18 MP: 2/2
   193 | D:1      | You fall into a shaft and drop 1 floor!
   257 | D:2      | Identified the +1 leather armour of the Pit {Rampage rF+
                  | Str-3}
   323 | D:2      | Reached skill level 1 in Armour
   323 | D:2      | Reached XP level 3. HP: 5/23 MP: 3/3
   539 | D:2      | Noticed Sigmund
   584 | D:2      | Slain by Sigmund

Illustrated notes

Levels and vault maps discovered:
D:1:      dpeg_arrival_subterranean_lakeside_camping, layout_basic
D:2:      layout_loops_ring, basic_altar, minmay_split_cup_large, uniq_sigmund

Skill      XL: |  1  2 |
---------------+-------+-----
Throwing       | 2 |  2.1
Fighting       | 3 |  3.1
Armour         | 1 |  1.1
Maces & Flails | |  3.2
Dodging        | |  2.4

Action                     || total
---------------------------++-------
  Melee: Flail             ||    72
 Armour: Leather armour    ||    58
  Dodge: Dodged            ||    74
